 Dungeon Crawl Stone Soup version 0.23.0 (webtiles) character file.

Game seed: 7696910846671922320

22 vishdafish the Vexing (level 2, -2/27 HPs)
             Began as an Ogre Arcane Marksman on Feb 17, 2019.
             Slain by a hobgoblin
             ... wielding a +0 club
              (4 damage)
             ... on level 2 of the Dungeon.
             The game lasted 00:02:27 (1164 turns).

vishdafish the Vexing (Ogre Arcane Marksman)        Turns: 1164, Time: 00:02:29

Health: -2/27      AC:  3    Str: 13    XL:     2   Next: 91%
Magic:  4/4        EV: 10    Int: 14    God:
Gold:   10         SH:  0    Dex:  9    Spells: 3/4 levels left

rFire    . . .     SeeInvis .   b - +0 club
rCold    . . .     Gourm    .   (no shield)
rNeg     . . .     Faith    .   a - +0 robe
rPois    .         Spirit   .   (helmet restricted)
rElec    .         Reflect  .   (no cloak)
rCorr    .         Harm     .   (gloves unavailable)
MR       .....     Rnd*Tele +   (boots unavailable)
Stlth    +.........             l - amulet of rage
HPRegen  0.09/turn              k - ring of teleportation (curse)
MPRegen  0.09/turn              (no ring)

@: no status effects
A: large, unfitting armour, tough skin 1
a: Evoke Berserk Rage


You were on level 2 of the Dungeon.
You were hungry.

You visited 1 branch of the dungeon, and saw 2 of its levels.

You collected 10 gold pieces.

Inventory:

Hand Weapons
 b - a +0 club (weapon)
Missiles
 d - a throwing net (quivered)
Armour
 a - a +0 robe (worn)
Jewellery
 k - a cursed ring of teleportation (left hand)
 l - an amulet of rage (around neck)
Scrolls
 g - a scroll of noise {unknown}
 i - a scroll of magic mapping {unknown}
 j - a scroll of immolation {unknown}
Potions
 e - a potion of brilliance {unknown}
 h - a potion of ambrosia {unknown}
Comestibles
 f - 2 rations


   Skills:
 + Level 1.5 Fighting
 * Level 0.7 Maces & Flails
 + Level 2.3 Throwing
 + Level 2.0 Dodging
 + Level 1.5 Spellcasting
 + Level 3.0 Hexes


You had 3 spell levels left.
You knew the following spells:

 Your Spells              Type           Power        Failure   Level  Hunger
a - Corona                Hex            #......      8%          1    ##.....

Your spell library contained the following spells:

 Spells                   Type           Power        Failure   Level  Hunger
 Slow                     Hex            #.......     11%         2    ###....
 Inner Flame              Hex/Fire       #.......     38%         3    ####...
 Portal Projectile        Hex/Tloc       #.....       38%         3    ####...
 Cause Fear               Hex            #.........   58%         4    #####..
 Leda's Liquefaction      Hex/Erth       #.........   80%         4    #####..


Dungeon Overview and Level Annotations

Branches:
Dungeon (2/15)

Altars:


Innate Abilities, Weirdness & Mutations

You are too large for most types of armour.
You have tough skin. (AC +1)


Message History

Press: ? - help, Shift-Dir - straight line, f - hobgoblin, p - adder
Aim: a hobgoblin, wielding a +0 club You throw a large rock.
The large rock closely misses the hobgoblin.
The adder bites you but does no damage. The adder bites you.
* * * LOW HITPOINT WARNING * * *
The hobgoblin barely misses you.
A bat comes into view.
The adder bites you.
* * * LOW HITPOINT WARNING * * *
Throwing (i - inventory. (/) - cycle)
c - a large rock (quivered)
Press: ? - help, Shift-Dir - straight line, f/p - hobgoblin
Aim: a hobgoblin, wielding a +0 club You throw a large rock.
The large rock completely misses the hobgoblin.
The hobgoblin hits you with a +0 club.
* * * LOW HITPOINT WARNING * * *
The adder barely misses you. The adder closely misses you.
The hobgoblin hits you with a +0 club.
You die...

#......) ).(. .#+#....
..# #.... ..# #....
..+ #.... #.# ......
#b# #.##..# #g# #.
#..# # #@# ..##.##S#
......sS#####.#
..............#.....#.
..?...........+.......
...#..........#.......
.. +..........#.......
#
#....?.....#.......##
+..........#.........


You could see an adder, a giant cockroach, a hobgoblin, a bat and a ball python.

Vanquished Creatures
  A worm (D:2)
  A dart slug (D:1)
  5 bats (D:1)
  2 goblins
  A hobgoblin (D:1)
  3 kobolds
  3 frilled lizards
  A rat (D:1)
17 creatures vanquished.

Notes
Turn   | Place    | Note
-------+----------+-------------------------------------------
     0 | D:1      | vishdafish the Ogre Arcane Marksman began the quest for the
                  | Orb.
     0 | D:1      | Reached XP level 1. HP: 19/19 MP: 2/2
   123 | D:1      | Reached XP level 2. HP: 8/27 MP: 4/4
  1162 | D:2      | Reached skill level 3 in Hexes
  1164 | D:2      | Slain by a hobgoblin

Skill      XL: |  1  2 |
---------------+-------+-----
Dodging        | 2 |  2.0
Hexes          | 3 |  3.0
Fighting       | |  1.5
Maces & Flails | |  0.7
Throwing       | |  2.3
Spellcasting   | |  1.5

Action                   || total
-------------------------++-------
Melee: Club              ||    65
       Unarmed           ||     3
Throw: Large rock        ||    11
       Throwing net      ||     1
 Stab: Sleeping          ||     1
Armor: Robe              ||    43
Dodge: Dodged            ||    72
